 Dungeon Crawl Stone Soup version 0.23.1 (webtiles) character file.

Game seed: 13548139935806720135

30 uberloutre the Caller (level 3, 0/14 HPs)
             Began as a Felid Summoner on Mar 5, 2019.
             Succumbed to an adder's poison
             ... on level 2 of the Dungeon.
             The game lasted 00:16:30 (956 turns).

uberloutre the Caller (Felid Summoner)               Turns: 956, Time: 00:16:31

Health: 0/14       AC:  1    Str:  4    XL:     3   Next: 3%
Magic:  2/8        EV: 18    Int: 17    God:
Gold:   68         SH:  0    Dex: 16    Spells: 6/7 levels left
                                        Lives:  0   Deaths: 0

rFire    . . .     SeeInvis +   (weapon unavailable)
rCold    . . .     Gourm    .   (shield unavailable)
rNeg     . . .     Faith    .   (armour unavailable)
rPois    .         Spirit   .   (helmet unavailable)
rElec    .         Reflect  .   (cloak unavailable)
rCorr    .         Harm     .   (gloves unavailable)
MR       .....                  (boots unavailable)
Stlth    +++.......             (no amulet)
HPRegen  0.04/turn              (no ring)
MPRegen  0.11/turn              (no ring)

@: lethally poisoned (0 -> -5), quick
A: very small, no armour, no weapons or thrown items, stealth, claws 1, fangs 3,
see invisible, carnivore, speed 1, shaggy fur 1, slow metabolism 1, sharp paws
a: no special abilities


You were on level 2 of the Dungeon.
You were completely stuffed.

You visited 1 branch of the dungeon, and saw 2 of its levels.

You collected 68 gold pieces.

Inventory:

Jewellery
 k - an uncursed amulet of regeneration {unknown}
Scrolls
 a - a scroll of remove curse {unknown}
 c - a scroll of enchant weapon {unknown}
 e - 3 scrolls of identify
 f - a scroll of fear {unknown}
 g - a scroll of teleportation {unknown}
 j - a scroll of magic mapping {unknown}
Potions
 h - a potion of might
 i - a potion of heal wounds {unknown}
Comestibles
 b - 2 rations
 d - 2 chunks of flesh


   Skills:
 + Level 2.8 Dodging
 + Level 2.7 Stealth
 + Level 0.2 Unarmed Combat
 + Level 2.7 Spellcasting
 + Level 4.4 Summonings


You had 6 spell levels left.
You knew the following spells:

 Your Spells              Type           Power        Failure   Level  Hunger
a - Summon Small Mammal   Summ           ###.         3%          1    #......

Your spell library contained the following spells:

 Spells                   Type           Power        Failure   Level  Hunger
 Call Imp                 Summ           ###.....     4%          2    ##.....
 Call Canine Familiar     Summ           ###.....     9%          3    ###....
 Summon Guardian Golem    Hex/Summ       #.......     22%         3    ###....
 Summon Ice Beast         Ice/Summ       #.......     58%         4    #####..
 Summon Lightning Spire   Summ/Air       #.......     58%         4    #####..


Dungeon Overview and Level Annotations

Branches:
Dungeon (2/15)

Altars:


Innate Abilities, Weirdness & Mutations

You cannot wear armour.
You are incapable of wielding weapons or throwing items.
Your paws allow you to move quietly. (Stealth)
You have sharp claws.
You have razor-sharp teeth.
You have supernaturally acute eyesight. (SInv)
You are carnivorous and can eat meat at any time.
You cover ground quickly.
You are covered in fur. (AC +1)
You have a slow metabolism.
Your sharp claws are effective at attacking unaware monsters.


Message History

You scratch the adder but do no damage.
The adder is almost dead.
The adder bites you.
You are poisoned.
The adder poisons you!
You feel sick.
You miss the adder.
The adder is almost dead.
The adder closely misses you.
You closely miss the adder.
The adder is severely wounded.
You feel sick. The adder completely misses you.
You barely miss the adder.
The adder is severely wounded.
The adder bites you. The adder misses you.
Casting: Summon Small Mammal (safe; 3% risk of failure)
Confirm with . or Enter, or press ? or * to list all spells.
The adder bites you.
* * * LOW HITPOINT WARNING * * *
You die...

#. ####.....# # #. #.# #.... ..
..##..#..#.# #.###.####... #.
#.##..##.#.# #............ #.
#.##..##..########..##..###.#§
#.##.#......##..(##.(...#..#
#.##
#......#.#.#.#...##<#...#..# #.#
#..###.#..##..(............# #.#
#..##.#..).#.......b#...#.## #.#
##.###..........@.S.......# #.#
.......?....##...#####.#######.#
)..>...###..##...# #.........#
..÷.........###### ###########
#############


You could see an adder and a friendly bat.

Vanquished Creatures
  A jackal (D:2)
  A kobold (D:2)
  A rat (D:1)
3 creatures vanquished.

Vanquished Creatures (collateral kills)
  An adder (D:2)
  A dart slug (D:1)
  3 giant cockroaches
  6 goblins (D:1)
  A hobgoblin (D:1)
  2 jackals (D:2)
  7 kobolds
  2 bats (D:1)
  2 frilled lizards
  5 rats
30 creatures vanquished.

Grand Total: 33 creatures vanquished

Notes
Turn   | Place    | Note
-------+----------+-------------------------------------------
     0 | D:1      | uberloutre the Felid Summoner began the quest for the Orb.
     0 | D:1      | Reached XP level 1. HP: 7/7 MP: 4/4
   254 | D:1      | Reached XP level 2. HP: 11/11 MP: 1/6
   784 | D:2      | Reached XP level 3. HP: 14/14 MP: 1/8
   956 | D:2      | Succumbed to an adder's poison

Action                   || total
-------------------------++-------
Melee: Unarmed           ||    16
       Bite              ||     1
 Cast: Summon Small Mamm ||    65
  Use: Scroll            ||     3
       Potion            ||     1
  Eat: Chunk             ||     7
       Ration            ||     1
Armor: Skin              ||     2
Dodge: Dodged            ||    40
